 Dungeon Crawl Stone Soup version 0.25-a0-294-gea9b1ad378 (webtiles) character file.

Game seed: 11581624535188564982, levelgen mode: deterministic

116426 qpqp the Warrior (level 16, -8/185 HPs)
             Began as an Ogre Transmuter on Dec 16, 2019.
             Was a High Priest of Ashenzari.
             Mangled by Polyphemus (24 damage)
             ... on level 3 of the Shoals on Dec 17, 2019.
             The game lasted 01:37:53 (51951 turns).

qpqp the Warrior (Ogre Transmuter)                 Turns: 51951, Time: 01:37:54

Health: -8/185     AC: 10    Str: 18    XL:     16   Next: 71%
Magic:  28/33      EV: 17    Int: 23    God:    Ashenzari [*****.]
Gold:   1114       SH:  0    Dex: 13    Spells: 15/41 levels left

rFire    . . .     SeeInvis +     - Unarmed
rCold    . . .     Gourm    .   (shield currently unavailable)
rNeg     . . .     Faith    .   S - +2 troll leather armour (curse)
rPois    .         Spirit   .   (helmet restricted)
rElec    .         Reflect  .   q - +2 cloak (curse)
rCorr    .         Harm     .   (gloves unavailable)
MR       +....     Clarity  +   (boots unavailable)
Stlth    +.........             O - amulet of magic regeneration (curse)
HPRegen  0.80/turn              W - +3 ring of intelligence (curse)
MPRegen  0.48/turn              L - +5 ring of intelligence (curse)

@: blade hands, very slightly contaminated
A: large, unfitting armour, tough skin 1
a: End Transformation, Curse Item, Scrying, Transfer Knowledge, Renounce
Religion


You were on level 3 of the Shoals.
You worshipped Ashenzari.
Ashenzari was extremely pleased with you.
You were hungry.
You had blades for hands.
You visited 7 branches of the dungeon, and saw 33 of its levels.
You also visited: Ossuary and Ice Cave.

You collected 2633 gold pieces.
You spent 1519 gold pieces at shops.

Inventory:

Hand Weapons
 e - the +8 flail of Watchfulness {protect, MR+}
   (You found it on level 1 of the Snake Pit)

   It grants its wielder temporary protection when it strikes (+7 to AC).
   It affects your resistance to hostile enchantments.
 P - a +1 giant spiked club of electrocution
Missiles
 a - 43 arrows
 r - 19 atropa-tipped darts (quivered)
 t - 3 curare-tipped darts
 w - 3 throwing nets
 T - 19 large rocks
 X - 7 silver javelins
Armour
 b - a scarf of repulsion
 g - a +0 large shield of cold resistance
 n - a +0 shield of cold resistance
 q - a cursed +2 cloak (worn)
 S - a cursed +2 troll leather armour (worn)
Jewellery
 x - an uncursed amulet of the gourmand
 y - an uncursed ring of flight
 A - a +2 ring of strength
 K - an uncursed ring of resist corrosion
 L - a cursed +5 ring of intelligence (right scythe-like blade)
 O - a cursed amulet of magic regeneration (around neck)
 W - a cursed +3 ring of intelligence (left scythe-like blade)
Wands
 c - a wand of paralysis (8)
 N - a wand of polymorph (19)
 Q - a wand of clouds (1)
 Y - a wand of enslavement (2)
 Z - a wand of flame (38)
Scrolls
 h - 4 scrolls of immolation
 i - 5 scrolls of teleportation
 l - 2 scrolls of silence
 m - 2 scrolls of fog
 o - 7 scrolls of enchant armour
 E - 9 scrolls of magic mapping
 I - 3 scrolls of amnesia
 M - 13 scrolls of identify
 R - 2 scrolls of enchant weapon
 V - 5 scrolls of remove curse
Potions
 f - 11 potions of curing
 j - a potion of ambrosia
 k - a potion of invisibility
 p - 5 potions of mutation
 s - 4 potions of cancellation
 u - 5 potions of berserk rage
 v - 5 potions of might
 z - 4 potions of agility
 C - a potion of heal wounds
 D - 4 potions of resistance
 F - 8 potions of flight
 G - 8 potions of brilliance
 H - a potion of haste
 J - 4 potions of lignification
Miscellaneous
 B - a lightning rod (4/4)
Comestibles
 d - 42 rations


   Skills:
 + Level 18.1 Fighting
 - Level 3.6 Armour
 * Level 11.8(14.2) Dodging
 - Level 3.4 Shields
 * Level 13.3 Unarmed Combat
 - Level 13.3 Spellcasting
 - Level 3.1(6.5) Conjurations
 - Level 8.6(12.5) Transmutations
 - Level 3.6(7.2) Ice Magic
 - Level 0.8(2.8) Air Magic


You had 15 spell levels left.
You knew the following spells:

 Your Spells              Type           Power        Failure   Level  Hunger
a - Beastly Appendage     Tmut           ######       4%          1    None
b - Sticks to Snakes      Tmut           ######..     5%          2    None
c - Spider Form           Tmut/Pois      #####.....   16%         3    None
d - Ice Form              Ice/Tmut       ######..     14%         4    None
e - Blade Hands           Tmut           ######....   14%         5    ###....
f - Freezing Cloud        Conj/Ice/Air   #####.....   91%         6    #####..
g - Mephitic Cloud        Conj/Pois/Air  ####....     28%         3    None
h - Passwall              Tmut/Erth      #####...     12%         2    None

Your spell library contained the following spells:

 Spells                   Type           Power        Failure   Level  Hunger
 Magic Dart               Conj           ####         10%         1    None
 Searing Ray              Conj           #####.       12%         2    None
 Conjure Flame            Conj/Fire      ####....     26%         3    None
 Dazzling Flash           Conj/Hex       ####..       26%         3    None
 Stone Arrow              Conj/Erth      ####..       26%         3    None
 Petrify                  Tmut/Erth      #####...     26%         4    None
 Sandblast                Erth           ###...       28%         1    None
 Poisonous Vapours        Pois/Air       ###...       28%         2    None
 Fulminant Prism          Conj/Hex       ####......   47%         4    None
 Iskenderun's Mystic Bla  Conj/Tloc      ####....     47%         4    None
 Lee's Rapid Deconstruct  Erth           ###.......   96%         5    ###....
 Ring of Flames           Chrm/Fire      ###.......   100%        7    ######.


Dungeon Overview and Level Annotations

Branches:
Dungeon (15/15)            Temple (1/1) D:5            Lair (6/6) D:11
 Shoals (4/4) Lair:2        Snake (4/4) Lair:2        Slime (0/5) Lair:6
    Orc (2/2) D:10            Elf (1/3) Orc:2        Vaults (0/5) D:13
 Depths (0/5) D:15        Ossuary (visited)           IceCv (visited)

Altars:
Ashenzari
Cheibriados
Dithmenos
Elyvilon
Fedhas
Gozag
Hepliaklqana
Kikubaaqudgha
Makhleb
Nemelex Xobeh
Okawaru
Qazlal
Ru
Sif Muna
Trog
Uskayaw
Vehumet
Wu Jian
Xom
Yredelemnul
Zin
The Shining One
Beogh
Jiyva

Shops:
D:6 ?   D:12 (   Orc:2 ?![[

Annotations:
D:11 2 transporters
D:14 Agnes; Rupert
Lair:6 2 runed translucent doors, exclusion: 4 oklob plants
Shoals:1 Frances
Shoals:3 Polyphemus
Snake:2 3 runed translucent doors, Zoynir's ghost, adept CeHu; terminal's ghost, journeyman MiFi; will825x2's ghost, adept FoFi
Orc:1 2 transporters, anet's ghost, journeyman GnWr


Innate Abilities, Weirdness & Mutations

You are too large for most types of armour.
You have tough skin. (AC +1)


Message History

Unknown command.
You slash Polyphemus!
Polyphemus is heavily wounded.
Polyphemus is engulfed in freezing vapours.
Polyphemus hits you!! Polyphemus hits you.
Unknown command.
You hit Polyphemus but do no damage.
Polyphemus is severely wounded.
Polyphemus is engulfed in freezing vapours.
Polyphemus hits you!!!
* * * LOW HITPOINT WARNING * * *
Polyphemus hits you!!
* * * LOW HITPOINT WARNING * * *
You slash Polyphemus!
Polyphemus is severely wounded.
Polyphemus is engulfed in freezing vapours.
Polyphemus hits you!
* * * LOW HITPOINT WARNING * * *
Polyphemus hits you!!
You die...

# ##..≈≈≈.....#####..≈≈≈....≈≈...
#####.....≈...# #..≈≈..........
...#..........# #.>...>###.....
............≈.# ##....### ####..
.......##...≈.# #{S§S## ##.
≈≈≈≈..###..≈≈.## ##☼§## ####
≈≈≈≈..###...≈..###§§☼.########...
≈≈≈≈.............§§§§.....><.....
≈≈≈≈≈...........@C§≈≈≈≈......≈≈≈≈
≈≈≈≈≈........)......≈≈≈≈≈≈≈≈≈≈≈≈≈
≈≈≈≈≈≈≈≈..≈..###.....≈≈≈≈≈≈≈≈≈≈≈.
≈≈≈≈≈≈≈≈≈....###.....≈≈≈≈≈≈≈≈≈≈≈.
≈≈≈≈≈≈≈≈≈≈≈≈..#......≈≈≈≈≈≈≈≈≈≈≈.
≈≈≈≈≈≈≈≈≈≈≈...^.....≈≈≈≈≈≈≈≈≈≈≈≈≈
≈≈≈≈≈≈≈≈≈≈≈≈......≈≈≈≈≈≈≈≈≈≈≈≈≈≈≈
≈≈≈≈≈≈≈≈≈≈≈≈....≈≈.≈≈≈≈≈≈≈≈≈≈≈≈≈≈
≈≈≈≈≈≈≈≈≈≈......≈≈≈≈≈≈≈≈≈≈≈≈≈≈≈≈≈


You could see Polyphemus and 2 friendly adders.

Vanquished Creatures
  A nagaraja (Snake:3)
  A stone giant (Orc:1)
  A white draconian (IceCv)
  2 merfolk javelineers
  Josephine (D:13)
  A merfolk impaler (Shoals:1)
  Fannar (Lair:2)
  5 naga warriors
  A merfolk aquamancer (Shoals:4)
  2 hydras (Lair:1)
  6 merfolk avatars
  A catoblepas (Shoals:4)
  3 centaur warriors
  3 anacondas (Snake:2)
  3 two-headed ogres
  2 satyrs
  2 tengu warriors
  2 death yaks (Shoals:4)
  An orc high priest (Orc:2)
  3 naga sharpshooters
  Urug (D:13)
  2 shock serpents (Snake:2)
  2 salamander mystics
  5 sea snakes
  2 naga ritualists
  3 harpies (Shoals:4)
  A deep elf mage (Orc:2)
  An oklob plant (D:11)
  5 orc sorcerers
  3 mana vipers
  7 salamanders
  4 ugly things
  6 fauns
  8 manticores
  2 cyclopes
  4 merfolk sirens
  A guardian serpent (Snake:2)
  3 naga magi
  8 water nymphs
  20 black mambas
  5 torpor snails
  A gargoyle (D:12)
  15 spiny frogs
  An ice statue (IceCv)
  A kobold demonologist (D:13)
  2 rime drakes
  5 komodo dragons
  17 merfolk
  8 trolls
  A tengu conjurer (D:11)
  2 hornets
  17 polar bears
  A slime creature (D:13)
  2 wind drakes (Shoals:4)
  6 blink frogs
  Grinder (D:6)
  A hornet (shapeshifter) (D:13)
  A tyrant leech (Lair:6)
  3 dream sheep
  9 hippogriffs
  3 snapping turtles
  2 shadows
  5 wyverns
  8 water elementals
  4 wraiths (D:13)
  17 humans
  42 yaks
  6 hogs
  A basilisk (Lair:6)
  A hungry ghost (D:11)
  16 nagas
  5 wargs
  3 hell hounds (Lair:6)
  3 swamp worms (Lair:2)
  11 water moccasins
  7 porcupines
  13 orc warriors
  4 sky beasts
  2 ice beasts
  A hornet zombie (D:8)
  3 black bears
  A phantom (D:14)
  An eye of draining (D:13)
  4 ogres
  15 wolves
  6 centaurs
  13 crocodiles
  2 big kobolds
  21 bullfrogs
  4 water moccasin zombies (Ossuary)
  2 scorpions (D:4)
  3 killer bees (D:8)
  5 howler monkeys
  5 wights (D:8)
  5 electric eels
  5 crimson imps
  2 centaur zombies
  2 quasits (D:8)
  6 jellies
  4 hounds
  16 orc priests
  Ijyb (D:3)
  4 bullfrog skeletons
  28 orc wizards
  3 centaur skeletons
  An iguana (D:10)
  12 worker ants
  2 big kobold zombies (Ossuary)
  A hound zombie (D:9)
  2 mummies (Ossuary)
  A howler monkey skeleton (D:11)
  A worker ant zombie (D:11)
  10 adders
  2 adder zombies (Ossuary)
  2 adder skeletons (D:9)
  A worm (D:2)
  2 dart slugs
  5 leopard geckos
  46 orcs
  6 bats
  7 giant cockroaches
  3 gnoll zombies (Ossuary)
  11 goblins
  9 hobgoblins
  13 jackals
  5 quokkas
  A ball python (D:2)
  3 frilled lizards
  A giant cockroach zombie (D:5)
  A hobgoblin zombie (Ossuary)
  13 kobolds
  3 kobold zombies (Ossuary)
  2 orc zombies (Ossuary)
  5 rats
  2 plants
717 creatures vanquished.

Vanquished Creatures (collateral kills)
  3 hydras
  A naga warrior (Snake:3)
  A death yak (Shoals:4)
  A merfolk aquamancer (Shoals:3)
  A shock serpent (Snake:3)
  A naga sharpshooter (Snake:3)
  3 harpies (Shoals:1)
  A black mamba (Snake:3)
  A naga mage (Snake:2)
  A spiny frog (Lair:6)
  A komodo dragon (Lair:6)
  2 merfolk
  2 polar bears
  2 hornets (Lair:6)
  4 blink frogs
  A tyrant leech (Lair:6)
  4 dream sheep
  A snapping turtle (Shoals:4)
  6 yaks
  2 sky beasts
  A black bear (Lair:6)
  2 ogres (D:6)
  2 phantoms
  2 wolves (IceCv)
  A crocodile (Lair:6)
  A bullfrog (D:6)
  A scorpion (D:4)
  A hound (D:5)
  A jelly (D:6)
  A killer bee zombie (D:7)
  A mummy (D:7)
  3 gnolls (D:4)
  3 adders
  2 adder zombies (Ossuary)
  A leopard gecko (D:6)
  5 orcs
  A giant cockroach (D:5)
  A gnoll zombie (Ossuary)
  2 jackals (D:6)
  A quokka (D:7)
  A bat (D:4)
  A hobgoblin zombie (Ossuary)
  A jackal zombie (D:4)
  2 kobolds (D:4)
  2 kobold zombies (Ossuary)
  An orc zombie (Ossuary)
  A fungus (Lair:6)
  A plant (Shoals:1)
82 creatures vanquished.

Vanquished Creatures (others)
  An anaconda (Snake:3)
  25 fungi
  39 plants
65 creatures vanquished.

Grand Total: 864 creatures vanquished

Notes
Turn   | Place    | Note
-------+----------+-------------------------------------------
     0 | D:1      | qpqp the Ogre Transmuter began the quest for the Orb.
     0 | D:1      | Reached XP level 1. HP: 19/19 MP: 3/3
    47 | D:1      | Reached XP level 2. HP: 17/28 MP: 3/5
   172 | D:1      | Reached skill level 2 in Fighting
   767 | D:1      | Reached XP level 3. HP: 31/36 MP: 7/7
  2062 | D:2      | Found a shadowy altar of Dithmenos.
  2087 | D:2      | Reached XP level 4. HP: 22/44 MP: 9/9
  2458 | D:2      | Found a glowing golden altar of the Shining One.
  2460 | D:2      | Found a hide-covered altar of Uskayaw.
  2460 | D:2      | Found an opulent altar of Gozag.
  2920 | D:2      | Learned a level 2 spell: Sticks to Snakes
  2986 | D:3      | Reached skill level 3 in Fighting
  3137 | D:3      | Noticed Ijyb
  3229 | D:3      | Killed Ijyb
  3551 | D:3      | Reached XP level 5. HP: 50/53 MP: 8/10
  3552 | D:3      | Found a radiant altar of Vehumet.
  4022 | D:3      | Found a stormy altar of Qazlal.
  4125 | D:3      | Reached skill level 4 in Fighting
  4873 | D:4      | Reached XP level 6. HP: 45/62 MP: 3/12
  5986 | D:4      | Reached skill level 5 in Fighting
  6093 | D:4      | Reached XP level 7. HP: 71/72 MP: 7/14
  6149 | D:4      | Reached skill level 5 in Spellcasting
  6238 | D:5      | Entered Level 5 of the Dungeon
  6820 | D:5      | Learned a level 3 spell: Spider Form
  7095 | D:5      | Found a staircase to the Ecumenical Temple.
  7106 | Temple   | Entered the Ecumenical Temple
  7181 | Temple   | Became a worshipper of Ashenzari the Shackled
  7589 | D:5      | Reached skill level 6 in Fighting
  7603 | D:5      | Found an opulent altar of Gozag.
  8050 | D:6      | Noticed Grinder
  8060 | D:6      | Killed Grinder
  8060 | D:6      | Reached XP level 8. HP: 84/84 MP: 11/17
  8246 | D:6      | Reached skill level 7 in Fighting
  8627 | D:6      | Found Paovutto's Magic Scroll Shoppe.
  8635 | D:6      | Bought a scroll of teleportation for 39 gold pieces
  8635 | D:6      | Bought a scroll of fog for 26 gold pieces
  8635 | D:6      | Bought 3 scrolls of identify for 78 gold pieces
  8635 | D:6      | Bought a scroll of amnesia for 45 gold pieces
  8635 | D:6      | Bought a scroll of identify for 26 gold pieces
  9000 | D:7      | Reached XP level 9. HP: 63/96 MP: 16/19
  9018 | D:7      | Found a snail-covered altar of Cheibriados.
  9072 | D:7      | Reached skill level 8 in Fighting
  9411 | D:7      | Found a sand-covered staircase.
  9422 | Ossuary  | Entered an ossuary
  9595 | Ossuary  | Learned a level 4 spell: Ice Form
 10979 | D:7      | Reached skill level 5 in Unarmed Combat
 11452 | D:8      | Noticed a hornet
 11880 | D:6      | Reached skill level 9 in Fighting
 12074 | D:6      | Reached * piety under Ashenzari
 12379 | D:7      | Found a bloodstained altar of Trog.
 12720 | D:8      | Reached skill level 5 in Transmutations
 12808 | D:8      | Killed a hornet
 12808 | D:8      | Reached skill level 5 in Dodging
 12808 | D:8      | Reached XP level 10. HP: 95/110 MP: 18/22
 12912 | D:8      | Reached skill level 10 in Fighting
 13097 | D:8      | Noticed a two-headed ogre
 13119 | D:8      | Killed a two-headed ogre
 14060 | D:9      | Noticed a centaur warrior
 14065 | D:10     | Entered Level 10 of the Dungeon
 14175 | D:10     | Reached skill level 11 in Fighting
 14654 | D:10     | Found a staircase to the Orcish Mines.
 14683 | D:10     | Reached skill level 1 in Ice Magic
 15038 | D:9      | Found a basalt altar of Yredelemnul.
 15077 | D:9      | Reached XP level 11. HP: 119/122 MP: 24/24
 15308 | D:9      | Noticed a two-headed ogre
 15323 | D:9      | Killed a two-headed ogre
 15514 | D:9      | Killed a centaur warrior
 15514 | D:9      | Reached skill level 12 in Fighting
 15842 | D:9      | Found a burning altar of Makhleb.
 17080 | D:11     | Found a staircase to the Lair.
 17083 | D:11     | Noticed an oklob plant
 17884 | D:11     | Reached ** piety under Ashenzari
 17886 | D:11     | Found a transporter.
 17889 | D:11     | Noticed a deep elf knight
 17899 | D:11     | Noticed a fire crab
 17907 | D:11     | Found a transporter.
 18018 | D:11     | Noticed a tengu warrior
 18034 | D:11     | Killed a tengu warrior
 18034 | D:11     | Reached skill level 13 in Fighting
 18555 | D:12     | Noticed a manticore
 18562 | D:12     | Killed a manticore
 18617 | D:12     | Reached skill level 10 in Spellcasting
 18617 | D:12     | Reached XP level 12. HP: 136/136 MP: 21/26
 19140 | D:12     | Found Bieptu's Weapon Emporium.
 19424 | D:13     | Found a gate to the Vaults.
 19424 | D:13     | Noticed Urug
 19424 | D:13     | Noticed a two-headed ogre
 19424 | D:13     | Noticed a centaur warrior
 19424 | D:13     | Noticed a tengu warrior
 19521 | Orc:1    | Entered Level 1 of the Orcish Mines
 19621 | Orc:2    | Entered Level 2 of the Orcish Mines
 19846 | Orc:2    | Found a staircase to the Elven Halls.
 20707 | Orc:2    | Found Ankanib's Armour Boutique.
 20707 | Orc:2    | Found Orghikumu's Armour Boutique.
 20708 | Orc:2    | Found Jiameegu's Magic Scroll Shop.
 20711 | Orc:2    | Noticed an orc high priest
 20712 | Orc:2    | Found Otekhluj's Distillery.
 20721 | Orc:2    | Killed an orc high priest
 20721 | Orc:2    | Reached skill level 14 in Fighting
 20935 | Orc:2    | Bought a potion of curing for 48 gold pieces
 20935 | Orc:2    | Bought 2 potions of heal wounds for 160 gold pieces
 20937 | Orc:2    | Bought a scroll of magic mapping for 38 gold pieces
 20937 | Orc:2    | Bought a scroll of fog for 22 gold pieces
 20937 | Orc:2    | Bought a scroll of teleportation for 33 gold pieces
 20937 | Orc:2    | Bought a scroll of identify for 22 gold pieces
 20937 | Orc:2    | Bought a scroll of remove curse for 33 gold pieces
 20937 | Orc:2    | Bought a scroll of remove curse for 33 gold pieces
 20937 | Orc:2    | Bought a scroll of silence for 82 gold pieces
 21132 | Orc:2    | Noticed a sun demon
 22045 | Orc:1    | Found a roughly hewn altar of Beogh.
 22148 | Orc:1    | Reached *** piety under Ashenzari
 22152 | Orc:1    | Noticed a stone giant
 22168 | Orc:1    | Killed a stone giant
 22562 | Orc:1    | Found a transporter.
 22563 | Orc:1    | Noticed a two-headed ogre
 22563 | Orc:1    | Noticed a two-headed ogre
 22563 | Orc:1    | Noticed a two-headed ogre
 22563 | Orc:1    | Noticed anet's ghost (journeyman GnWr)
 22567 | Orc:1    | Noticed a two-headed ogre
 22607 | Orc:1    | Found a transporter.
 22986 | Lair:1   | Entered Level 1 of the Lair of Beasts
 23478 | Lair:1   | Noticed a five-headed hydra
 23480 | Lair:1   | Noticed an eight-headed hydra
 23880 | Lair:1   | Killed an eight-headed hydra
 23880 | Lair:1   | Reached skill level 15 in Fighting
 24072 | Lair:1   | Reached XP level 13. HP: 149/149 MP: 22/27
 24266 | Lair:2   | Noticed Fannar
 24282 | Lair:2   | Killed Fannar
 24580 | Lair:2   | Learned a level 5 spell: Blade Hands
 24587 | Lair:2   | Learned a level 6 spell: Freezing Cloud
 24590 | Lair:2   | Found a staircase to the Shoals.
 24835 | Lair:2   | Found a staircase to the Snake Pit.
 25832 | Lair:3   | Reached **** piety under Ashenzari
 26428 | Lair:3   | Reached skill level 1 in Air Magic
 26674 | Lair:3   | Reached skill level 1 in Conjurations
 28363 | Lair:6   | Entered Level 6 of the Lair of Beasts
 29825 | Lair:5   | Reached ***** piety under Ashenzari
 30212 | Lair:6   | Reached XP level 14. HP: 109/161 MP: 29/29
 30235 | Lair:6   | Reached skill level 1 in Armour
 30510 | Lair:6   | Reached skill level 16 in Fighting
 30524 | Lair:6   | Found a runed translucent door.
 30524 | Lair:6   | Found a viscous altar of Jiyva.
 30526 | Lair:6   | Found a staircase to the Slime Pits.
 30526 | Lair:6   | Noticed an acid blob
 30699 | Lair:6   | Identified the ring of Qameetips {MR+ rCorr}
 31022 | Lair:6   | Found a runed translucent door.
 31641 | Lair:6   | Reached skill level 10 in Unarmed Combat
 33635 | D:14     | Noticed Agnes
 33642 | D:15     | Entered Level 15 of the Dungeon
 33818 | D:14     | Found a frozen archway.
 33826 | IceCv    | Entered an ice cave
 33983 | IceCv    | Learned a level 3 spell: Mephitic Cloud
 34475 | IceCv    | Learned a level 2 spell: Passwall
 34557 | IceCv    | Noticed a white draconian
 34578 | IceCv    | Killed a white draconian
 34702 | IceCv    | Reached skill level 10 in Dodging
 36144 | D:13     | Found a viscous altar of Jiyva.
 36183 | D:13     | Noticed Josephine
 36200 | D:13     | Killed Josephine
 36410 | Shoals:1 | Entered Level 1 of the Shoals
 36792 | D:13     | Killed Urug
 37066 | D:13     | Reached XP level 15. HP: 86/171 MP: 24/31
 37462 | D:14     | Noticed Rupert
 37879 | Elf:1    | Entered Level 1 of the Elven Halls
 37926 | Orc:2    | Bought a potion of cancellation for 128 gold pieces
 37926 | Orc:2    | Bought a potion of brilliance for 64 gold pieces
 37926 | Orc:2    | Bought a potion of brilliance for 64 gold pieces
 37926 | Orc:2    | Bought a potion of berserk rage for 80 gold pieces
 37926 | Orc:2    | Bought a potion of agility for 64 gold pieces
 37926 | Orc:2    | Bought a potion of curing for 48 gold pieces
 37926 | Orc:2    | Bought a potion of might for 64 gold pieces
 37926 | Orc:2    | Bought a potion of berserk rage for 80 gold pieces
 37926 | Orc:2    | Bought a potion of resistance for 160 gold pieces
 37928 | Orc:2    | Bought a scroll of enchant armour for 82 gold pieces
 38323 | Snake:1  | Entered Level 1 of the Snake Pit
 40432 | Snake:2  | Reached skill level 17 in Fighting
 40882 | Snake:2  | Found a runed translucent gate.
 40882 | Snake:2  | Found a runed translucent gate.
 40882 | Snake:2  | Found a runed translucent gate.
 40882 | Snake:2  | Noticed Zoynir's ghost (adept CeHu)
 40882 | Snake:2  | Noticed terminal's ghost (journeyman MiFi)
 40882 | Snake:2  | Noticed will825x2's ghost (adept FoFi)
 42692 | Snake:3  | Noticed a nagaraja
 42715 | Snake:3  | Noticed a nagaraja
 42732 | Snake:3  | Killed a nagaraja
 44177 | Snake:4  | Entered Level 4 of the Snake Pit
 44789 | Snake:1  | Reached skill level 1 in Shields
 44828 | Snake:1  | Got the flail of Watchfulness {protect, MR+}
 46080 | Shoals:1 | Reached XP level 16. HP: 150/184 MP: 32/32
 46339 | Shoals:1 | Noticed Frances
 46980 | Shoals:1 | Reached ****** piety under Ashenzari
 47158 | Shoals:3 | Reduced skill Air Magic to level 1
 47450 | Shoals:2 | Identified the +8 flail of Watchfulness {protect, MR+} (You
                  | found it on level 1 of the Snake Pit)
 47482 | Shoals:4 | Entered Level 4 of the Shoals
 47506 | Shoals:4 | Noticed Polyphemus
 49748 | Shoals:4 | Reached skill level 18 in Fighting
 51951 | Shoals:3 | Mangled by Polyphemus

Levels and vault maps discovered:
D:1:      sevenhm_arrival_forest_fort_small_4, layout_loops_ring
D:2:      layout_loops_ring, chequers_temple_overflow_statue_of_worship,
          nicolae_dithmenos_through_a_glass_darkly
D:3:      layout_basic, overflow_temple_1_default,
          nicolae_qazlal_general_emergency, first_ration,
          chequers_serial_rivers_micro_b, uniq_ijyb
D:4:      old_forge, layout_cave_pools, hangedman_abyss_or_decor_slice,
          lexackson_kobold_supper
D:5:      layout_gridville, minmay_temple_entry_statues_pillars, basic_altar
D:6:      layout_basic, serial_glass, glass_columns_a, glass_columns_c,
          glass_columns_a, serial_shops, nicolae_shop_behind_doors, uniq_grinder
D:7:      layout_loops_cross, kennysheep_mini, kennysheep_mini_moat,
          gup_ossuary_entry_pyramid
D:8:      layout_rooms
D:9:      layout_basic, lemuel_coloured_pillars_altar,
          yredelemnul_altar_generic, grunt_livestock
D:10:     layout_rooms, orc_0_dummy
D:11:     gammafunk_wand_slinger, layout_loops_corners, dpeg_oklobed_lair,
          lemuel_flame_loot_1
D:12:     layout_roguey, serial_shops, shop
D:13:     layout_basic, david_vaults_3, minmay_splitting_lines, jiyva_altar_1,
          uniq_josephine
D:14:     layout_cave_pools, portal_ice_cave_entry_pillars_1, solitary_fountain,
          kennysheep_cluttered_room, uniq_rupert, uniq_kirke, uniq_agnes
D:15:     gammafunk_depths_entry_grave, layout_irregular_city,
          cheibriados_altar_1, minmay_misc_feat_room
Temple:   dshaligram_water_room_temple
Lair:1:   layout_loops_ring, grunt_megastairs_4
Lair:2:   layout_chaotic_city, minmay_shoals_entry_lonely_mermaid,
          dummy_snake_entry, worms_lemuel, uniq_fannar
Lair:3:   layout_gridlike, st_stairs_3, serial_bayou_shore_a,
          lemuel_fruit_fields
Lair:4:   layout_regular_city
Lair:5:   layout_regular_city, beast_lair_carwin_1, grunt_megastairs_3
Lair:6:   hangedman_lair_caniforms_friends, layout_big_grid, wormcave,
          slime_altar_2, grunt_megastairs_2, serial_bayou_shore_b,
          infiniplex_staircase_pool, minmay_lair_oklob_chamber
Shoals:1: layout_shoals, uniq_frances
Shoals:2: cheibrodos_shoals_satyrical_garden, layout_shoals, overgrown_tower
Shoals:3: layout_shoals
Shoals:4: shoals_end_grunt_ice, layout_shoals, uniq_polyphemus
Snake:1:  layout_chambers
Snake:2:  layout_basic, gammafunk_ghost_cemetery
Snake:3:  layout_layer_cave, st_stairs_5
Snake:4:  snake_pit, layout_cave_town
Orc:1:    layout_caves, basic_altar, gammafunk_ghost_smash
Orc:2:    st_orc_mages, layout_caves
Elf:1:    elf_arrival_002, layout_geoelf_octagon, serial_shops,
          nicolae_shop_behind_doors, kennysheep_underground_church

Skill      XL: |  1  2  3  4  5  6  7  8  9 10 11 12 13 14 15 16 |
---------------+-------------------------------------------------+-----
Fighting       | 2 3 4 5 6 7 9 11 13 15 16 17 18 | 18.1
Spellcasting   | 3 4 6 7 8 9 10 11 12 13 | 13.3
Transmutations | 2 3 4 5 6 7 8 |  8.6
Dodging        | 2 3 4 5 7 8 9 10 11 | 11.8
Unarmed Combat | 3 4 5 6 7 8 9 10 12 13 | 13.3
Ice Magic      | 1 2 3 |  3.6
Air Magic      | 2 0 |  0.8
Conjurations   | 2 3 |  3.1
Armour         | 3 |  3.6
Shields        | 1 3 |  3.4

Action                   |  1- 3 |  4- 6 |  7- 9 | 10-12 | 13-15 | 16-18 || total
-------------------------+-------+-------+-------+-------+-------+-------++-------
Melee: Unarmed           |   139 |   203 |   456 |   592 |  1045 |   261 ||  2696
       Kick              |    17 |    29 |    26 |       |       |       ||    72
       Headbutt          |     4 |     5 |    36 |     1 |       |       ||    46
       Punch             |     1 |       |     9 |     2 |     7 |     8 ||    27
       Morningstar       |       |    48 |       |       |       |       ||    48
Throw: Dart              |       |    11 |       |       |       |       ||    11
 Cast: Beastly Appendage |    17 |    26 |    34 |     1 |     2 |     1 ||    81
       Sticks to Snakes  |       |    35 |    68 |    19 |   173 |    58 ||   353
       Spider Form       |       |       |    11 |     1 |     1 |       ||    13
       Ice Form          |       |       |     3 |    60 |   112 |    19 ||   194
       Blade Hands       |       |       |       |       |    22 |    23 ||    45
       Passwall          |       |       |       |       |     4 |       ||     4
Invok: Curse Item        |       |       |     4 |       |     4 |       ||     8
       Transfer Knowledg |       |       |       |       |       |     1 ||     1
 Abil: End Transformatio |       |       |       |       |       |     1 ||     1
Evoke: Wand              |       |     4 |     2 |     4 |     4 |     6 ||    20
       Lightning rod     |       |       |       |       |     1 |       ||     1
  Use: Scroll            |     2 |       |    11 |     9 |    19 |    10 ||    51
       Potion            |       |     7 |       |     4 |     9 |     1 ||    21
 Stab: Distracted        |       |       |     2 |       |     7 |     4 ||    13
       Paralysed         |       |       |       |     5 |       |       ||     5
       Invisible         |       |       |       |     2 |       |       ||     2
  Eat: Chunk             |     3 |     8 |    29 |    43 |    40 |     8 ||   131
       Ration            |       |     2 |     1 |       |     8 |     4 ||    15
Armor: Robe              |    39 |    79 |    54 |     4 |       |       ||   176
       Skin              |       |     8 |    19 |   108 |   200 |    32 ||   367
       Troll leather arm |       |       |       |       |    24 |    37 ||    61
Dodge: Dodged            |    69 |   147 |   302 |   323 |   816 |   270 ||  1927

Table legend:
 A = Non-vault XP
 B = Vault XP
 C = Vault XP percentage of total XP
 D = Non-vault monster count
 E = Vault monster count
 F = Vault count percentage of total count
                 A         B        C        D         E       F
            +---------+---------+-------+---------+---------+-------
      Total |  118637 |   47686 |  28.7 |     572 |     224 |  28.1
            +---------+---------+-------+---------+---------+-------
        D:1 |      51 |       0 |   0.0 |      27 |       0 |   0.0
        D:2 |      39 |       0 |   0.0 |      15 |       0 |   0.0
        D:3 |     164 |      35 |  17.6 |      28 |       1 |   3.4
        D:4 |     128 |     286 |  69.1 |      12 |      17 |  58.6
        D:5 |     473 |       0 |   0.0 |      15 |       0 |   0.0
        D:6 |    1294 |     266 |  17.1 |      27 |       1 |   3.6
        D:7 |     859 |      13 |   1.5 |      19 |       1 |   5.0
        D:8 |    2969 |     200 |   6.3 |      38 |       1 |   2.6
        D:9 |    3415 |     787 |  18.7 |      23 |       4 |  14.8
       D:10 |    2202 |       0 |   0.0 |      15 |       0 |   0.0
       D:11 |    3364 |     580 |  14.7 |      23 |       1 |   4.2
       D:12 |    2874 |     566 |  16.5 |      22 |       3 |  12.0
       D:13 |    5750 |    8294 |  59.1 |      25 |      28 |  52.8
       D:14 |     124 |       0 |   0.0 |       1 |       0 |   0.0
       D:15 |      36 |       0 |   0.0 |       1 |       0 |   0.0
     Lair:1 |    3429 |     239 |   6.5 |      16 |       2 |  11.1
     Lair:2 |    2132 |    1888 |  47.0 |       6 |       5 |  45.5
     Lair:3 |    4380 |      93 |   2.1 |      21 |       1 |   4.5
     Lair:4 |    4086 |     141 |   3.3 |      15 |       1 |   6.2
     Lair:5 |    4832 |    2046 |  29.7 |      25 |       8 |  24.2
     Lair:6 |    7563 |    5831 |  43.5 |      30 |      29 |  49.2
   Shoals:1 |    8757 |       0 |   0.0 |      18 |       0 |   0.0
   Shoals:2 |    2937 |    3137 |  51.6 |       8 |       7 |  46.7
   Shoals:3 |   10621 |       0 |   0.0 |      24 |       0 |   0.0
   Shoals:4 |    6503 |    8658 |  57.1 |      16 |      15 |  48.4
    Snake:1 |    6146 |       0 |   0.0 |      14 |       0 |   0.0
    Snake:2 |   16583 |       0 |   0.0 |      33 |       0 |   0.0
    Snake:3 |   12358 |    1273 |   9.3 |      26 |       2 |   7.1
      Orc:1 |    3847 |       0 |   0.0 |      23 |       0 |   0.0
      Orc:2 |     721 |    4697 |  86.7 |       6 |      35 |  85.4
    Ossuary |       0 |     418 | 100.0 |       0 |      26 | 100.0
      IceCv |       0 |    8238 | 100.0 |       0 |      36 | 100.0
            +---------+---------+-------+---------+---------+-------
